 Dungeon Crawl Stone Soup version 0.21.1-1-g345015f (webtiles) character file.

80229 tidbits the Martial Artist (level 15, -3/117 HPs)
             Began as a Gnoll Transmuter on Mar 21, 2018.
             Was the Champion of Cheibriados.
             Killed from afar by a deep elf annihilator (51 damage)
             ... with a poison arrow
             ... on level 3 of the Elven Halls.
             The game lasted 01:42:55 (5865 turns).

tidbits the Martial Artist (Gnoll Transmuter)       Turns: 5865, Time: 01:42:56

Health: -3/117     AC: 15    Str: 28    XL:     15   Next: 66%
Magic:  4/30       EV: 36    Int: 37    God:    Cheibriados [******]
Gold:   1083       SH: 15    Dex: 35    Spells: 7/36 levels left

rFire    . . .     SeeInvis .   b - +9 demon trident
rCold    . . .     Gourm    .   D - +0 shield
rNeg     . . .     Faith    .   B - +3 troll leather armour {Snorg}
rPois    .         Spirit   .   E - +1 hat {MR+}
rElec    .         Reflect  .   C - +0 cloak
rCorr    .         Harm     .   (no gloves)
MR       +++..                  F - +1 pair of boots
Stlth    +++++++...             R - amulet of regeneration
HPRegen  0.00/turn              V - +6 ring of evasion
MPRegen  0.22/turn              H - ring of protection from magic

@: agile, lethally poisoned (-3 -> -34), regenerating (expiring), very slow
A: distributed training, fangs 1, iridescent scales 1, thin skeletal structure
1, clumsy 1, inhibited regeneration, strong nose
a: Bend Time, Temporal Distortion, Slouch, Step From Time, Renounce Religion


You were on level 3 of the Elven Halls.
You worshipped Cheibriados.
Cheibriados was exalted by your worship.
You were very full.

You visited 4 branches of the dungeon, and saw 19 of its levels.
You also visited: Labyrinth.

You collected 3189 gold pieces.
You spent 2106 gold pieces at shops.

Inventory:

Hand Weapons
 a - a +3 dagger of draining
   (You took it off an orc on level 5 of the Dungeon)
 b - a +9 demon trident (weapon)
 g - a +0 blowgun
Missiles
 d - 7 javelins (quivered)
 e - 319 arrows
 S - 8 curare-tipped needles
Armour
 f - a scarf of cloud immunity
   (You found it on level 3 of the Elven Halls)
 B - a +3 troll leather armour (worn) {Snorg}
 C - a +0 cloak (worn)
 D - a +0 shield (worn)
 E - a +1 hat of magic resistance (worn)
   (You found it on level 1 of the Orcish Mines)
 F - a +1 pair of boots (worn)
Jewellery
 H - a ring of protection from magic (right hand)
   (You found it on level 1 of the Dungeon)
 I - an uncursed ring of see invisible
   (You found it on level 7 of the Dungeon)
 L - an uncursed ring of flight
   (You found it on level 7 of the Dungeon)
 R - an amulet of regeneration (around neck)
   (You found it on level 1 of the Elven Halls)
 V - a +6 ring of evasion (left hand)
   (You found it on level 11 of the Dungeon)
 W - an uncursed ring of wizardry
   (You found it on level 11 of the Dungeon)
 Y - an uncursed ring of protection from fire
   (You found it in a labyrinth)
Wands
 p - a wand of paralysis (3)
 A - a wand of iceblast (4)
 O - a wand of enslavement (9)
 T - a wand of flame (67)
Scrolls
 m - a scroll of amnesia
 o - 4 scrolls of fear
 r - 4 scrolls of remove curse
 s - 3 scrolls of fog
 t - 2 scrolls of teleportation
 u - 2 scrolls of enchant weapon
 x - a scroll of acquirement
 J - 2 scrolls of blinking
 Q - a scroll of vulnerability
Potions
 h - a potion of ambrosia
 j - a potion of brilliance
 l - 5 potions of curing
 q - 2 potions of lignification
 w - a potion of heal wounds
 z - 2 potions of might
 K - a potion of flight
 M - a potion of invisibility
 N - 4 potions of resistance
 Z - a potion of cancellation
Books
 i - Sif Muna's Catalogue of the Mountains
   (You found it in a labyrinth)

   Spells                             Type                      Level
   a - Passwall                       Transmutation/Earth          2
   b - Petrify                        Transmutation/Earth          4
   c - Lee's Rapid Deconstruction     Earth                        5
   d - Iron Shot                      Conjuration/Earth            6
 k - a book of Minor Magic
   (You found it on level 1 of the Orcish Mines)

   Spells                             Type                      Level
   a - Magic Dart                     Conjuration                  1
   b - Blink                          Translocation                2
   c - Call Imp                       Summoning                    2
   d - Slow                           Hexes                        2
   e - Conjure Flame                  Conjuration/Fire             3
   f - Mephitic Cloud                 Conjuration/Poison/Air       3
 n - a book of Death
   (You bought it in a shop on level 3 of the Elven Halls)

   Spells                             Type                      Level
   a - Corpse Rot                     Necromancy                   2
   b - Sublimation of Blood           Necromancy                   2
   c - Agony                          Necromancy                   5
   d - Dispel Undead                  Necromancy                   5
   e - Excruciating Wounds            Charms/Necromancy            5
   f - Bolt of Draining               Conjuration/Necromancy       5
 G - a book of Necromancy
   (You found it on level 7 of the Dungeon)

   Spells                             Type                      Level
   a - Pain                           Necromancy                   1
   b - Animate Skeleton               Necromancy                   1
   c - Vampiric Draining              Necromancy                   3
   d - Regeneration                   Charms/Necromancy            3
   e - Animate Dead                   Necromancy                   4
   f - Borgnjor's Vile Clutch         Necromancy/Earth             5
Miscellaneous
 U - a lamp of fire
Comestibles
 c - 16 rations


   Skills:
 + Level 10.4 Fighting
 + Level 10.0 Short Blades
 + Level 10.0 Long Blades
 + Level 10.0 Axes
 + Level 10.0 Maces & Flails
 + Level 10.0 Polearms
 + Level 10.0 Staves
 + Level 10.0 Slings
 + Level 10.0 Bows
 + Level 10.0 Crossbows
 + Level 10.0 Throwing
 + Level 10.0 Armour
 + Level 11.0 Dodging
 + Level 10.0 Stealth
 + Level 10.0 Shields
 + Level 11.8 Unarmed Combat
 + Level 11.1 Spellcasting
 + Level 8.4 Conjurations
 + Level 8.4 Hexes
 + Level 8.4 Charms
 + Level 8.4 Summonings
 + Level 8.4 Necromancy
 + Level 8.4 Translocations
 + Level 9.3 Transmutations
 + Level 8.4 Fire Magic
 + Level 8.4 Ice Magic
 + Level 8.4 Air Magic
 + Level 8.4 Earth Magic
 + Level 8.4 Poison Magic
 + Level 10.9 Invocations
 + Level 10.0 Evocations


You had 7 spell levels left.
You knew the following spells:

 Your Spells              Type           Power        Failure   Level  Hunger
b - Blink                 Tloc           N/A          1%          2    None
e - Beastly Appendage     Tmut           ######       1%          1    None
h - Blade Hands           Tmut           ######....   2%          5    None
i - Ice Form              Ice/Tmut       ######..     1%          4    None
k - Sticks to Snakes      Tmut           ######..     1%          2    None
o - Ozocubu's Armour      Chrm/Ice       ######..     1%          3    None
p - Passwall              Tmut/Erth      ######....   1%          2    None
r - Regeneration          Chrm/Necr      ######....   1%          3    None
v - Borgnjor's Vile Clut  Necr/Erth      ######....   3%          5    None
Z - Sublimation of Blood  Necr           ######....   1%          2    None


Dungeon Overview and Level Annotations

Branches:
Dungeon (13/15)            Temple (1/1) D:5            Lair (0/6) D:10
    Orc (2/2) D:9             Elf (3/3) Orc:2
 Vaults: D:13-14

Altars:
Ashenzari
Cheibriados
Dithmenos
Fedhas
Gozag
Nemelex Xobeh
Okawaru
Sif Muna
Uskayaw
Vehumet
Wu Jian
Xom

Shops:
D:8 *   D:12 %   Elf:1 !***%   Elf:2 =   Elf:3 :

Annotations:
D:6 Prince Ribbit


Innate Abilities, Weirdness & Mutations

Your experience applies equally to all skills.
You have very sharp teeth.
Your uncanny sense of smell can sniff out nearby items.
You are partially covered in iridescent scales. (AC +2)
You have a somewhat thin skeletal structure. (Dex +2, Stealth)
You are clumsy. (Dex -2)
You do not regenerate when monsters are visible.


Message History

Your Axes skill increases to level 10!
Your Maces & Flails skill increases to level 10!
Your Polearms skill increases to level 10!
Your Staves skill increases to level 10!
Your Slings skill increases to level 10!
Your Bows skill increases to level 10!
Your Crossbows skill increases to level 10!
Your Throwing skill increases to level 10!
Your Armour skill increases to level 10!
Your Stealth skill increases to level 10!
Your Shields skill increases to level 10!
Your Evocations skill increases to level 10!
The zombie hands constrict the deep elf sorcerer!
The deep elf sorcerer closely misses you.
The deep elf sorcerer mumbles some strange words.
The deep elf sorcerer shimmers violently.
The deep elf sorcerer escapes!
Unknown command.
Casting: Borgnjor's Vile Clutch
Confirm with . or Enter, or press ? or * to list all spells.
Aiming: Borgnjor's Vile Clutch
Press: ? - help, Dir - move target cursor, f - deep elf sorcerer
Aim: a deep elf sorcerer, wielding a spear of flaming and wearing an embroidered robe Decaying hands burst forth from the earth!
Zombie hands grab the deep elf sorcerer.
Zombie hands grab the deep elf annihilator.
Zombie hands grab the deep elf sorcerer.
The zombie hands constrict the deep elf annihilator.
The zombie hands constrict the deep elf sorcerer! x2
The deep elf sorcerer misses you.
You block the deep elf sorcerer's attack.
The deep elf annihilator struggles to escape constriction.
Unknown command.
Unknown command.
You puncture the deep elf sorcerer!
You kill the deep elf sorcerer!
Cheibriados thoroughly appreciates the change of pace.
The zombie hands constrict the deep elf annihilator!
The zombie hands constrict the deep elf sorcerer!
The deep elf sorcerer struggles to escape constriction.
The deep elf sorcerer casts a spell.
The deep elf sorcerer seems to speed up.
The deep elf annihilator escapes!
Unknown command.
You puncture the deep elf sorcerer!
You bite the deep elf sorcerer, but do no damage.
The deep elf sorcerer is heavily wounded.
The zombie hands constrict the deep elf sorcerer!!
The deep elf sorcerer barely misses you.
The deep elf annihilator hits you but does no damage.
Unknown command.
You puncture the deep elf sorcerer! You bite the deep elf sorcerer.
The deep elf sorcerer is almost dead.
The zombie hands constrict the deep elf sorcerer.
You block the deep elf sorcerer's attack.
The deep elf annihilator hits you but does no damage.
Unknown command.
You puncture the deep elf sorcerer!
You kill the deep elf sorcerer!
Cheibriados thoroughly appreciates the change of pace.
Your Dodging skill increases to level 11!
The deep elf sorcerer completely misses you.
A deep elf death mage comes into view. It is wielding a rapier.
Okay, then.
Unknown command.
Evoke which item? (* to show all) (? for menu, Esc to quit)
Okay, then.
Okay, then.
You puncture the deep elf sorcerer!
The deep elf sorcerer is almost dead.
Your skin is crawling a little less now.
The deep elf annihilator points at you and mumbles some strange words.
The crystal spear hits you!
* * * LOW HITPOINT WARNING * * *
You block the deep elf sorcerer's attack.
The deep elf annihilator hits you but does no damage.
Unknown command.
You puncture the deep elf sorcerer!
You kill the deep elf sorcerer!
Cheibriados thoroughly appreciates the change of pace.
The deep elf annihilator closely misses you.
You block the deep elf annihilator's attack.
Unknown command.
You feel agile all of a sudden.
The deep elf annihilator casts a spell at you.
The poison arrow misses you.
Unknown command.
You hit the deep elf annihilator. You bite the deep elf annihilator.
The deep elf annihilator is heavily wounded.
You block the deep elf annihilator's attack.
The deep elf demonologist mumbles some strange words.
The deep elf annihilator misses you.
Unknown command.
You hit the deep elf annihilator.
The deep elf annihilator is heavily wounded.
The deep elf annihilator misses you.
The deep elf annihilator gestures at you while chanting.
The poison arrow hits you!
You are poisoned.
You die...

#.# ..... ###.# ....
#.#<# ..e# ##..#
...## ##.## ..(##
#..# .$.## #.#.# ∆
##ee.# #.##. ##@e.#
#.# # ##..)## #.###
#.).## #.#.. ##)###
## #..## ##[..#
#.##.### #.[..#
#...##.
#...##########..[...
#...................
#....#######.###.###


You could see 2 deep elf annihilators and a deep elf death mage.

Vanquished Creatures
  Saint Roka (Elf:3)
  A deep elf blademaster (Elf:3)
  A deep elf master archer (Elf:3)
  4 deep elf sorcerers (Elf:3)
  2 orc warlords
  3 deep elf elementalists (Elf:3)
  Nessos (Orc:2)
  4 deep elf demonologists (Elf:3)
  3 deep elf annihilators
  Snorg (D:11)
  5 deep elf death magi (Elf:3)
  A minotaur (Lab)
  An ettin (Orc:1)
  Erica (D:10)
  A catoblepas (D:11)
  4 two-headed ogres
  Urug (D:10)
  12 dancing weapons
  A queen ant (D:10)
  Sonja (D:10)
  11 deep elf knights
  A small abomination (Elf:3)
  The ghost of lightbrinder the Poker, a novice DsAK of Lugonu (D:8)
  An unseen horror (D:11)
  Pikel (D:7)
  10 deep elf archers
  2 orc sorcerers
  2 ugly things
  18 deep elf magi
  A centaur zombie (D:11)
  A black mamba (shapeshifter) (Elf:1)
  6 gargoyles (D:9)
  A freezing wraith (D:11)
  5 trolls
  A jumping spider (shapeshifter) (Elf:2)
  A hornet (D:12)
  Grinder (D:4)
  The ghost of Mgcat the Insei, an amateur GnTm of Dithmenos (D:4)
  3 hippogriffs
  An air elemental (Elf:1)
  A vampire (D:12)
  A wyvern (D:11)
  2 fire elementals
  A vampire mosquito (D:11)
  2 hungry ghosts
  A soldier ant (shapeshifter) (D:11)
  A swamp worm (shapeshifter) (D:11)
  4 wargs
  4 soldier ants (D:10)
  A swamp drake (Orc:1)
  16 orc warriors
  An ice beast (D:9)
  A black bear (D:9)
  A phantom (D:9)
  7 ogres
  An eye of draining (D:11)
  2 necrophages
  3 centaurs
  A crocodile (D:11)
  2 big kobolds
  9 bullfrogs
  An earth elemental (Elf:1)
  A wyvern skeleton (D:8)
  4 scorpions
  3 killer bees (D:12)
  8 electric eels
  A wight (D:9)
  4 crimson imps
  3 hounds
  2 bullfrog skeletons
  13 orc priests
  2 centaur skeletons
  A gnoll shaman (D:4)
  An iguana (D:4)
  An iron imp (Orc:1)
  16 orc wizards
  20 worker ants
  A hound skeleton (D:11)
  2 mummies (D:9)
  10 adders
  3 gnolls (D:4)
  4 shadow imps
  A white imp (Orc:1)
  An adder zombie (D:9)
  3 worms
  A dart slug (D:4)
  A leopard gecko (D:5)
  64 orcs
  2 bats (D:2)
  7 giant cockroaches
  2 hobgoblins
  11 jackals
  12 kobolds
  A quokka (D:2)
  3 frilled lizards
  3 goblins
  A quokka skeleton (D:5)
  4 rats
398 creatures vanquished.

Vanquished Creatures (collateral kills)
  A deep elf death mage (Elf:3)
  A deep elf mage (Elf:3)
  Sigmund (D:2)
  3 orc warriors
  An ogre (Orc:2)
  A bullfrog (D:11)
  4 orcs
  A jackal (D:4)
  A frilled lizard (D:3)
  A leopard gecko skeleton (D:6)
15 creatures vanquished.

Grand Total: 413 creatures vanquished

Notes
Turn   | Place    | Note
-------+----------+-------------------------------------------
     0 | D:1      | tidbits the Gnoll Transmuter began the quest for the Orb.
     0 | D:1      | Reached XP level 1. HP: 17/17 MP: 6/6
    62 | D:2      | Reached XP level 2. HP: 19/23 MP: 5/7
    66 | D:2      | Learned a level 2 spell: Sticks to Snakes
   109 | D:2      | Noticed Sigmund
   128 | D:2      | Killed Sigmund
   128 | D:2      | Reached skill level 1 in Short Blades
   128 | D:2      | Reached skill level 1 in Long Blades
   128 | D:2      | Reached skill level 1 in Axes
   128 | D:2      | Reached skill level 1 in Maces & Flails
   128 | D:2      | Reached skill level 1 in Polearms
   128 | D:2      | Reached skill level 1 in Staves
   128 | D:2      | Reached skill level 1 in Slings
   128 | D:2      | Reached skill level 1 in Bows
   128 | D:2      | Reached skill level 1 in Crossbows
   128 | D:2      | Reached skill level 1 in Throwing
   128 | D:2      | Reached skill level 1 in Armour
   128 | D:2      | Reached skill level 1 in Stealth
   128 | D:2      | Reached skill level 1 in Shields
   128 | D:2      | Reached skill level 5 in Spellcasting
   128 | D:2      | Reached skill level 1 in Conjurations
   128 | D:2      | Reached skill level 1 in Hexes
   128 | D:2      | Reached skill level 1 in Charms
   128 | D:2      | Reached skill level 1 in Summonings
   128 | D:2      | Reached skill level 1 in Necromancy
   128 | D:2      | Reached skill level 1 in Translocations
   128 | D:2      | Reached skill level 1 in Fire Magic
   128 | D:2      | Reached skill level 1 in Ice Magic
   128 | D:2      | Reached skill level 1 in Air Magic
   128 | D:2      | Reached skill level 1 in Earth Magic
   128 | D:2      | Reached skill level 1 in Poison Magic
   128 | D:2      | Reached skill level 1 in Invocations
   128 | D:2      | Reached skill level 1 in Evocations
   128 | D:2      | Reached XP level 3. HP: 20/28 MP: 3/9
   128 | D:2      | Reached XP level 4. HP: 24/34 MP: 3/11
   128 | D:2      | Reached XP level 5. HP: 28/40 MP: 3/12
   365 | D:2      | Reached skill level 3 in Fighting
   373 | D:2      | Learned a level 3 spell: Spider Form
   378 | D:2      | Learned a level 4 spell: Ice Form
   423 | D:3      | Reached skill level 4 in Transmutations
   497 | D:4      | Reached skill level 2 in Invocations
   497 | D:4      | Reached XP level 6. HP: 47/47 MP: 13/13
   516 | D:4      | Reached skill level 5 in Dodging
   521 | D:4      | Reached skill level 2 in Short Blades
   521 | D:4      | Reached skill level 2 in Long Blades
   521 | D:4      | Reached skill level 2 in Axes
   521 | D:4      | Reached skill level 2 in Maces & Flails
   521 | D:4      | Reached skill level 2 in Polearms
   521 | D:4      | Reached skill level 2 in Staves
   521 | D:4      | Reached skill level 2 in Slings
   521 | D:4      | Reached skill level 2 in Bows
   521 | D:4      | Reached skill level 2 in Crossbows
   521 | D:4      | Reached skill level 2 in Throwing
   521 | D:4      | Reached skill level 2 in Armour
   521 | D:4      | Reached skill level 2 in Stealth
   521 | D:4      | Reached skill level 2 in Shields
   521 | D:4      | Reached skill level 2 in Evocations
   815 | D:4      | Reached XP level 7. HP: 52/52 MP: 15/15
   837 | D:4      | Noticed Mgcat's ghost (amateur GnTm)
   843 | D:4      | Killed Mgcat's ghost
   843 | D:4      | Reached skill level 7 in Unarmed Combat
   843 | D:4      | Reached skill level 2 in Conjurations
   843 | D:4      | Reached skill level 2 in Hexes
   843 | D:4      | Reached skill level 2 in Charms
   843 | D:4      | Reached skill level 2 in Summonings
   843 | D:4      | Reached skill level 2 in Necromancy
   843 | D:4      | Reached skill level 2 in Translocations
   843 | D:4      | Reached skill level 2 in Fire Magic
   843 | D:4      | Reached skill level 2 in Ice Magic
   843 | D:4      | Reached skill level 2 in Air Magic
   843 | D:4      | Reached skill level 2 in Earth Magic
   843 | D:4      | Reached skill level 2 in Poison Magic
   850 | D:4      | Learned a level 5 spell: Blade Hands
   856 | D:4      | Noticed Grinder
   868 | D:4      | Killed Grinder
   868 | D:4      | Reached skill level 3 in Invocations
   879 | D:4      | Found an opulent altar of Gozag.
   910 | D:4      | Reached XP level 8. HP: 29/60 MP: 13/16
   942 | D:5      | Entered Level 5 of the Dungeon
   982 | D:4      | Reached skill level 4 in Fighting
   982 | D:4      | Reached skill level 3 in Short Blades
   982 | D:4      | Reached skill level 3 in Long Blades
   982 | D:4      | Reached skill level 3 in Axes
   982 | D:4      | Reached skill level 3 in Maces & Flails
   982 | D:4      | Reached skill level 3 in Polearms
   982 | D:4      | Reached skill level 3 in Staves
   982 | D:4      | Reached skill level 3 in Slings
   982 | D:4      | Reached skill level 3 in Bows
   982 | D:4      | Reached skill level 3 in Crossbows
   982 | D:4      | Reached skill level 3 in Throwing
   982 | D:4      | Reached skill level 3 in Armour
   982 | D:4      | Reached skill level 3 in Stealth
   982 | D:4      | Reached skill level 3 in Shields
   982 | D:4      | Reached skill level 3 in Evocations
  1228 | D:5      | Reached skill level 6 in Spellcasting
  1353 | D:5      | Found an iron altar of Okawaru.
  1479 | D:5      | Found a staircase to the Ecumenical Temple.
  1485 | Temple   | Entered the Ecumenical Temple
  1493 | Temple   | Became a worshipper of Cheibriados the Contemplative
  1541 | D:6      | Noticed Prince Ribbit
  1848 | D:7      | Found a shattered altar of Ashenzari.
  1924 | D:7      | Noticed a troll
  1931 | D:7      | Killed a troll
  1931 | D:7      | Reached skill level 3 in Conjurations
  1931 | D:7      | Reached skill level 3 in Hexes
  1931 | D:7      | Reached skill level 3 in Charms
  1931 | D:7      | Reached skill level 3 in Summonings
  1931 | D:7      | Reached skill level 3 in Necromancy
  1931 | D:7      | Reached skill level 3 in Translocations
  1931 | D:7      | Reached skill level 3 in Fire Magic
  1931 | D:7      | Reached skill level 3 in Ice Magic
  1931 | D:7      | Reached skill level 3 in Air Magic
  1931 | D:7      | Reached skill level 3 in Earth Magic
  1931 | D:7      | Reached skill level 3 in Poison Magic
  1931 | D:7      | Reached skill level 4 in Invocations
  1942 | D:7      | Learned a level 3 spell: Confuse
  2001 | D:6      | Reached * piety under Cheibriados
  2013 | D:6      | Reached skill level 6 in Dodging
  2013 | D:6      | Reached XP level 9. HP: 66/66 MP: 18/18
  2052 | D:7      | Reached skill level 5 in Transmutations
  2196 | D:8      | Noticed lightbrinder's ghost (novice DsAK)
  2212 | D:8      | Killed lightbrinder's ghost
  2212 | D:8      | Reached skill level 4 in Short Blades
  2212 | D:8      | Reached skill level 4 in Long Blades
  2212 | D:8      | Reached skill level 4 in Axes
  2212 | D:8      | Reached skill level 4 in Maces & Flails
  2212 | D:8      | Reached skill level 4 in Polearms
  2212 | D:8      | Reached skill level 4 in Staves
  2212 | D:8      | Reached skill level 4 in Slings
  2212 | D:8      | Reached skill level 4 in Bows
  2212 | D:8      | Reached skill level 4 in Crossbows
  2212 | D:8      | Reached skill level 4 in Throwing
  2212 | D:8      | Reached skill level 4 in Armour
  2212 | D:8      | Reached skill level 4 in Stealth
  2212 | D:8      | Reached skill level 4 in Shields
  2212 | D:8      | Reached skill level 4 in Evocations
  2217 | D:8      | Reached skill level 5 in Fighting
  2251 | D:8      | Learned a level 3 spell: Regeneration
  2271 | D:7      | Noticed Pikel
  2284 | D:7      | Killed Pikel
  2284 | D:7      | Reached skill level 8 in Unarmed Combat
  2284 | D:7      | Reached skill level 5 in Invocations
  2381 | D:9      | Noticed a gargoyle
  2440 | D:9      | Killed a gargoyle
  2440 | D:9      | Reached skill level 7 in Spellcasting
  2440 | D:9      | Reached skill level 4 in Conjurations
  2440 | D:9      | Reached skill level 4 in Hexes
  2440 | D:9      | Reached skill level 4 in Charms
  2440 | D:9      | Reached skill level 4 in Summonings
  2440 | D:9      | Reached skill level 4 in Necromancy
  2440 | D:9      | Reached skill level 4 in Translocations
  2440 | D:9      | Reached skill level 4 in Fire Magic
  2440 | D:9      | Reached skill level 4 in Ice Magic
  2440 | D:9      | Reached skill level 4 in Air Magic
  2440 | D:9      | Reached skill level 4 in Earth Magic
  2440 | D:9      | Reached skill level 4 in Poison Magic
  2440 | D:9      | Reached XP level 10. HP: 53/74 MP: 19/20
  2498 | D:8      | Found Hugigg's Assorted Antiques.
  2502 | D:8      | Bought a glass wand for 104 gold pieces
  2502 | D:8      | Bought a scroll labeled BUNTIZIEFA for 26 gold pieces
  2502 | D:8      | Bought 2 scrolls labeled UGAEXOOGAL for 52 gold pieces
  2551 | D:9      | Noticed a gargoyle
  2560 | D:9      | Killed a gargoyle
  2564 | D:9      | Noticed a gargoyle
  2572 | D:9      | Killed a gargoyle
  2572 | D:9      | Reached skill level 5 in Short Blades
  2572 | D:9      | Reached skill level 5 in Long Blades
  2572 | D:9      | Reached skill level 5 in Axes
  2572 | D:9      | Reached skill level 5 in Maces & Flails
  2572 | D:9      | Reached skill level 5 in Polearms
  2572 | D:9      | Reached skill level 5 in Staves
  2572 | D:9      | Reached skill level 5 in Slings
  2572 | D:9      | Reached skill level 5 in Bows
  2572 | D:9      | Reached skill level 5 in Crossbows
  2572 | D:9      | Reached skill level 5 in Throwing
  2572 | D:9      | Reached skill level 5 in Armour
  2572 | D:9      | Reached skill level 5 in Stealth
  2572 | D:9      | Reached skill level 5 in Shields
  2572 | D:9      | Reached skill level 5 in Evocations
  2582 | D:9      | Noticed a gargoyle
  2586 | D:9      | Killed a gargoyle
  2591 | D:9      | Noticed a gargoyle
  2595 | D:9      | Killed a gargoyle
  2595 | D:9      | Reached ** piety under Cheibriados
  2595 | D:9      | Reached skill level 7 in Dodging
  2620 | D:9      | Noticed a gargoyle
  2622 | D:9      | Killed a gargoyle
  2633 | D:9      | Learned a level 5 spell: Borgnjor's Vile Clutch
  2658 | D:9      | Reached skill level 6 in Fighting
  2665 | D:10     | Entered Level 10 of the Dungeon
  2665 | D:10     | Found a staircase to the Lair.
  2914 | D:10     | Noticed a queen ant
  2941 | D:10     | Reached skill level 6 in Transmutations
  2941 | D:10     | Reached skill level 6 in Invocations
  2974 | D:10     | Killed a queen ant
  2986 | D:10     | Reached XP level 11. HP: 47/82 MP: 21/22
  2997 | D:10     | Reached *** piety under Cheibriados
  3043 | D:10     | Noticed Urug
  3056 | D:10     | Killed Urug
  3104 | D:11     | Noticed a mana viper
  3104 | D:11     | Noticed a shining eye
  3104 | D:11     | a mana viper changed into a shining eye
  3105 | D:11     | Noticed a catoblepas
  3124 | D:11     | Killed a catoblepas
  3124 | D:11     | Reached skill level 6 in Short Blades
  3124 | D:11     | Reached skill level 6 in Long Blades
  3124 | D:11     | Reached skill level 6 in Axes
  3124 | D:11     | Reached skill level 6 in Maces & Flails
  3124 | D:11     | Reached skill level 6 in Polearms
  3124 | D:11     | Reached skill level 6 in Staves
  3124 | D:11     | Reached skill level 6 in Slings
  3124 | D:11     | Reached skill level 6 in Bows
  3124 | D:11     | Reached skill level 6 in Crossbows
  3124 | D:11     | Reached skill level 6 in Throwing
  3124 | D:11     | Reached skill level 6 in Armour
  3124 | D:11     | Reached skill level 6 in Stealth
  3124 | D:11     | Reached skill level 6 in Shields
  3124 | D:11     | Reached skill level 9 in Unarmed Combat
  3124 | D:11     | Reached skill level 5 in Conjurations
  3124 | D:11     | Reached skill level 5 in Hexes
  3124 | D:11     | Reached skill level 5 in Charms
  3124 | D:11     | Reached skill level 5 in Summonings
  3124 | D:11     | Reached skill level 5 in Necromancy
  3124 | D:11     | Reached skill level 5 in Translocations
  3124 | D:11     | Reached skill level 5 in Fire Magic
  3124 | D:11     | Reached skill level 5 in Ice Magic
  3124 | D:11     | Reached skill level 5 in Air Magic
  3124 | D:11     | Reached skill level 5 in Earth Magic
  3124 | D:11     | Reached skill level 5 in Poison Magic
  3124 | D:11     | Reached skill level 6 in Evocations
  3126 | D:11     | Noticed an unseen horror
  3134 | D:11     | Killed an unseen horror
  3134 | D:11     | Reached skill level 8 in Spellcasting
  3171 | D:11     | Noticed a deep elf mage
  3176 | D:11     | Killed a deep elf mage
  3176 | D:11     | Reached skill level 7 in Invocations
  3295 | D:12     | Noticed a brown ugly thing
  3296 | D:12     | Reached skill level 7 in Fighting
  3296 | D:12     | Reached skill level 8 in Dodging
  3404 | D:11     | Reached **** piety under Cheibriados
  3416 | D:11     | Noticed a red ugly thing
  3423 | D:11     | Killed a red ugly thing
  3509 | D:12     | Found Tatukk's Food Emporium.
  3509 | D:12     | Noticed a two-headed ogre
  3513 | D:12     | Killed a two-headed ogre
  3591 | D:12     | Noticed a two-headed ogre
  3600 | D:12     | Killed a two-headed ogre
  3600 | D:12     | Reached XP level 12. HP: 91/91 MP: 24/24
  3722 | D:12     | Reached skill level 7 in Transmutations
  3785 | D:12     | Noticed a two-headed ogre
  3790 | D:12     | Killed a two-headed ogre
  3790 | D:12     | Reached skill level 7 in Short Blades
  3790 | D:12     | Reached skill level 7 in Long Blades
  3790 | D:12     | Reached skill level 7 in Axes
  3790 | D:12     | Reached skill level 7 in Maces & Flails
  3790 | D:12     | Reached skill level 7 in Polearms
  3790 | D:12     | Reached skill level 7 in Staves
  3790 | D:12     | Reached skill level 7 in Slings
  3790 | D:12     | Reached skill level 7 in Bows
  3790 | D:12     | Reached skill level 7 in Crossbows
  3790 | D:12     | Reached skill level 7 in Throwing
  3790 | D:12     | Reached skill level 7 in Armour
  3790 | D:12     | Reached skill level 7 in Stealth
  3790 | D:12     | Reached skill level 7 in Shields
  3790 | D:12     | Reached skill level 7 in Evocations
  3902 | D:11     | Noticed a two-headed ogre
  3906 | D:11     | Killed a two-headed ogre
  3937 | D:11     | Noticed Snorg
  3941 | D:11     | Reached ***** piety under Cheibriados
  3945 | D:11     | Killed Snorg
  4065 | D:10     | Noticed Erica
  4075 | D:10     | Killed Erica
  4075 | D:10     | Reached skill level 6 in Conjurations
  4075 | D:10     | Reached skill level 6 in Hexes
  4075 | D:10     | Reached skill level 6 in Charms
  4075 | D:10     | Reached skill level 6 in Summonings
  4075 | D:10     | Reached skill level 6 in Necromancy
  4075 | D:10     | Reached skill level 6 in Translocations
  4075 | D:10     | Reached skill level 6 in Fire Magic
  4075 | D:10     | Reached skill level 6 in Ice Magic
  4075 | D:10     | Reached skill level 6 in Air Magic
  4075 | D:10     | Reached skill level 6 in Earth Magic
  4075 | D:10     | Reached skill level 6 in Poison Magic
  4107 | D:10     | Noticed Sonja
  4111 | D:10     | Killed Sonja
  4111 | D:10     | Reached skill level 8 in Invocations
  4259 | D:9      | Reached skill level 9 in Spellcasting
  4278 | D:9      | Found a staircase to the Orcish Mines.
  4300 | Orc:1    | Entered Level 1 of the Orcish Mines
  4300 | Orc:1    | Noticed an orc warlord
  4300 | Orc:1    | Noticed an ettin
  4307 | Orc:1    | Killed an orc warlord
  4307 | Orc:1    | Reached skill level 8 in Fighting
  4307 | Orc:1    | Reached skill level 10 in Unarmed Combat
  4309 | Orc:1    | Killed an ettin
  4329 | Orc:1    | Reached skill level 9 in Dodging
  4463 | Orc:1    | Reached XP level 13. HP: 66/98 MP: 10/26
  4502 | Orc:1    | Identified the +2 robe of Dramatic Exits {rC+ Str+4 Dex-2 SInv} (You found it on level 1 of the Orcish Mines)
  4580 | Orc:2    | Entered Level 2 of the Orcish Mines
  4580 | Orc:2    | Noticed an orc warlord
  4631 | Orc:2    | Noticed Nessos
  4631 | Orc:2    | Killed an orc warlord
  4644 | Orc:2    | Killed Nessos
  4644 | Orc:2    | Reached skill level 8 in Short Blades
  4644 | Orc:2    | Reached skill level 8 in Long Blades
  4644 | Orc:2    | Reached skill level 8 in Axes
  4644 | Orc:2    | Reached skill level 8 in Maces & Flails
  4644 | Orc:2    | Reached skill level 8 in Polearms
  4644 | Orc:2    | Reached skill level 8 in Staves
  4644 | Orc:2    | Reached skill level 8 in Slings
  4644 | Orc:2    | Reached skill level 8 in Bows
  4644 | Orc:2    | Reached skill level 8 in Crossbows
  4644 | Orc:2    | Reached skill level 8 in Throwing
  4644 | Orc:2    | Reached skill level 8 in Armour
  4644 | Orc:2    | Reached skill level 8 in Stealth
  4644 | Orc:2    | Reached skill level 8 in Shields
  4644 | Orc:2    | Reached skill level 8 in Evocations
  4654 | Orc:2    | Found a labyrinth entrance.
  4672 | Lab      | Entered a labyrinth
  4744 | Lab      | Noticed a minotaur
  4752 | Lab      | Killed a minotaur
  4753 | Lab      | Identified Sif Muna's Catalogue of the Mountains
  4773 | Lab      | Learned a level 2 spell: Passwall
  4776 | Lab      | Got a smoking shortbow
  4821 | Orc:2    | Found a staircase to the Elven Halls.
  4849 | Elf:1    | Entered Level 1 of the Elven Halls
  4860 | Elf:1    | Reached skill level 9 in Invocations
  4896 | Elf:1    | Reached skill level 8 in Transmutations
  4927 | Elf:1    | Found Myrie's General Store.
  4927 | Elf:1    | Found Muche's Distillery.
  4928 | Elf:1    | Found Uschao's General Store.
  4930 | Elf:1    | Found Jonap's Assorted Antiques.
  4934 | Elf:1    | Reached skill level 7 in Conjurations
  4934 | Elf:1    | Reached skill level 7 in Hexes
  4934 | Elf:1    | Reached skill level 7 in Charms
  4934 | Elf:1    | Reached skill level 7 in Summonings
  4934 | Elf:1    | Reached skill level 7 in Necromancy
  4934 | Elf:1    | Reached skill level 7 in Translocations
  4934 | Elf:1    | Reached skill level 7 in Fire Magic
  4934 | Elf:1    | Reached skill level 7 in Ice Magic
  4934 | Elf:1    | Reached skill level 7 in Air Magic
  4934 | Elf:1    | Reached skill level 7 in Earth Magic
  4934 | Elf:1    | Reached skill level 7 in Poison Magic
  4988 | Elf:1    | Bought a copper wand for 124 gold pieces
  4988 | Elf:1    | Bought a murky orange potion for 27 gold pieces
  4988 | Elf:1    | Bought a white potion for 27 gold pieces
  4988 | Elf:1    | Bought a fizzy purple potion for 27 gold pieces
  4996 | Elf:1    | Bought a potion of degeneration for 16 gold pieces
  5002 | Elf:1    | Bought a potion of agility for 56 gold pieces
  5002 | Elf:1    | Bought 3 curare-tipped needles for 25 gold pieces
  5002 | Elf:1    | Bought a potion of invisibility for 112 gold pieces
  5007 | Elf:1    | Bought 2 potions of resistance for 320 gold pieces
  5031 | Elf:2    | Reached skill level 9 in Fighting
  5066 | Elf:2    | Found Keung's Jewellery Emporium.
  5069 | Elf:2    | Noticed a deep elf annihilator
  5075 | Elf:2    | Reached skill level 10 in Spellcasting
  5077 | Elf:2    | Reached XP level 14. HP: 99/108 MP: 15/28
  5081 | Elf:2    | Killed a deep elf annihilator
  5174 | Elf:1    | Found Qozer's Food Emporium.
  5222 | Elf:2    | Learned a level 3 spell: Ozocubu's Armour
  5227 | Elf:2    | Reached skill level 10 in Dodging
  5265 | Elf:3    | Entered Level 3 of the Elven Halls
  5268 | Elf:3    | Noticed a deep elf sorcerer
  5274 | Elf:3    | Killed a deep elf sorcerer
  5277 | Elf:3    | Reached skill level 11 in Unarmed Combat
  5277 | Elf:3    | Reached skill level 9 in Short Blades
  5277 | Elf:3    | Reached skill level 9 in Long Blades
  5277 | Elf:3    | Reached skill level 9 in Axes
  5277 | Elf:3    | Reached skill level 9 in Maces & Flails
  5277 | Elf:3    | Reached skill level 9 in Polearms
  5277 | Elf:3    | Reached skill level 9 in Staves
  5277 | Elf:3    | Reached skill level 9 in Slings
  5277 | Elf:3    | Reached skill level 9 in Bows
  5277 | Elf:3    | Reached skill level 9 in Crossbows
  5277 | Elf:3    | Reached skill level 9 in Throwing
  5277 | Elf:3    | Reached skill level 9 in Armour
  5277 | Elf:3    | Reached skill level 9 in Stealth
  5277 | Elf:3    | Reached skill level 9 in Shields
  5277 | Elf:3    | Reached skill level 9 in Evocations
  5291 | Elf:3    | Identified 2 scrolls of acquirement
  5369 | Elf:3    | Learned a level 2 spell: Blink
  5420 | Elf:3    | Gained mutation: You have a somewhat thin skeletal structure. (Dex +2, Stealth) [potion of mutation]
  5420 | Elf:3    | Gained mutation: You do not regenerate when monsters are visible. [potion of mutation]
  5420 | Elf:3    | Gained mutation: You are clumsy. (Dex -2) [potion of mutation]
  5420 | Elf:3    | Gained mutation: You are partially covered in iridescent scales. (AC +2) [potion of mutation]
  5462 | Elf:3    | Noticed a deep elf annihilator
  5464 | Elf:3    | Noticed a deep elf annihilator
  5468 | Elf:3    | Killed a deep elf annihilator
  5476 | Elf:3    | Reached skill level 10 in Invocations
  5482 | Elf:3    | Killed a deep elf annihilator
  5496 | Elf:3    | Noticed a deep elf demonologist
  5499 | Elf:3    | Noticed a deep elf elementalist
  5502 | Elf:3    | Killed a deep elf elementalist
  5503 | Elf:3    | Noticed a deep elf elementalist
  5506 | Elf:3    | Killed a deep elf demonologist
  5511 | Elf:3    | Killed a deep elf elementalist
  5519 | Elf:3    | Noticed a deep elf master archer
  5520 | Elf:3    | Noticed a deep elf blademaster
  5526 | Elf:3    | Killed a deep elf master archer
  5527 | Elf:3    | Killed a deep elf blademaster
  5530 | Elf:3    | Noticed a deep elf demonologist
  5532 | Elf:3    | Killed a deep elf demonologist
  5532 | Elf:3    | Reached skill level 8 in Conjurations
  5532 | Elf:3    | Reached skill level 8 in Hexes
  5532 | Elf:3    | Reached skill level 8 in Charms
  5532 | Elf:3    | Reached skill level 8 in Summonings
  5532 | Elf:3    | Reached skill level 8 in Necromancy
  5532 | Elf:3    | Reached skill level 8 in Translocations
  5532 | Elf:3    | Reached skill level 8 in Fire Magic
  5532 | Elf:3    | Reached skill level 8 in Ice Magic
  5532 | Elf:3    | Reached skill level 8 in Air Magic
  5532 | Elf:3    | Reached skill level 8 in Earth Magic
  5532 | Elf:3    | Reached skill level 8 in Poison Magic
  5532 | Elf:3    | Reached XP level 15. HP: 96/115 MP: 1/29
  5538 | Elf:3    | Reached skill level 9 in Transmutations
  5541 | Elf:3    | Noticed a deep elf master archer
  5541 | Elf:3    | Noticed a deep elf elementalist
  5543 | Elf:3    | Reached ****** piety under Cheibriados
  5543 | Elf:3    | Reached skill level 10 in Fighting
  5545 | Elf:3    | Noticed a deep elf elementalist
  5546 | Elf:3    | Noticed a deep elf sorcerer
  5546 | Elf:3    | Noticed a deep elf sorcerer
  5548 | Elf:3    | Noticed a deep elf sorcerer
  5571 | Elf:3    | Found Bytodd's Book Emporium.
  5583 | Elf:3    | Bought a book of Death for 1190 gold pieces
  5586 | Elf:3    | Learned a level 2 spell: Sublimation of Blood
  5595 | Elf:3    | Noticed Saint Roka
  5669 | Elf:3    | Killed Saint Roka
  5754 | Elf:2    | Reached skill level 11 in Spellcasting
  5843 | Elf:3    | Killed a deep elf elementalist
  5855 | Elf:3    | Reached skill level 10 in Short Blades
  5855 | Elf:3    | Reached skill level 10 in Long Blades
  5855 | Elf:3    | Reached skill level 10 in Axes
  5855 | Elf:3    | Reached skill level 10 in Maces & Flails
  5855 | Elf:3    | Reached skill level 10 in Polearms
  5855 | Elf:3    | Reached skill level 10 in Staves
  5855 | Elf:3    | Reached skill level 10 in Slings
  5855 | Elf:3    | Reached skill level 10 in Bows
  5855 | Elf:3    | Reached skill level 10 in Crossbows
  5855 | Elf:3    | Reached skill level 10 in Throwing
  5855 | Elf:3    | Reached skill level 10 in Armour
  5855 | Elf:3    | Reached skill level 10 in Stealth
  5855 | Elf:3    | Reached skill level 10 in Shields
  5855 | Elf:3    | Reached skill level 10 in Evocations
  5857 | Elf:3    | Killed a deep elf sorcerer
  5860 | Elf:3    | Killed a deep elf sorcerer
  5860 | Elf:3    | Reached skill level 11 in Dodging
  5862 | Elf:3    | Killed a deep elf sorcerer
  5865 | Elf:3    | Killed from afar by a deep elf annihilator

Skill      XL: |  1  2  3  4  5  6  7  8  9 10 11 12 13 14 15 |
---------------+----------------------------------------------+-----
Short Blades   | 1 2 3 4 5 6 7 8 9 10 | 10.0
Long Blades    | 1 2 3 4 5 6 7 8 9 10 | 10.0
Axes           | 1 2 3 4 5 6 7 8 9 10 | 10.0
Maces & Flails | 1 2 3 4 5 6 7 8 9 10 | 10.0
Polearms       | 1 2 3 4 5 6 7 8 9 10 | 10.0
Staves         | 1 2 3 4 5 6 7 8 9 10 | 10.0
Slings         | 1 2 3 4 5 6 7 8 9 10 | 10.0
Bows           | 1 2 3 4 5 6 7 8 9 10 | 10.0
Crossbows      | 1 2 3 4 5 6 7 8 9 10 | 10.0
Throwing       | 1 2 3 4 5 6 7 8 9 10 | 10.0
Armour         | 1 2 3 4 5 6 7 8 9 10 | 10.0
Stealth        | 1 2 3 4 5 6 7 8 9 10 | 10.0
Shields        | 1 2 3 4 5 6 7 8 9 10 | 10.0
Spellcasting   | 5 6 7 8 9 10 11 | 11.1
Conjurations   | 1 2 3 4 5 6 7 8 |  8.4
Hexes          | 1 2 3 4 5 6 7 8 |  8.4
Charms         | 1 2 3 4 5 6 7 8 |  8.4
Summonings     | 1 2 3 4 5 6 7 8 |  8.4
Necromancy     | 1 2 3 4 5 6 7 8 |  8.4
Translocations | 1 2 3 4 5 6 7 8 |  8.4
Fire Magic     | 1 2 3 4 5 6 7 8 |  8.4
Ice Magic      | 1 2 3 4 5 6 7 8 |  8.4
Air Magic      | 1 2 3 4 5 6 7 8 |  8.4
Earth Magic    | 1 2 3 4 5 6 7 8 |  8.4
Poison Magic   | 1 2 3 4 5 6 7 8 |  8.4
Invocations    | 1 2 3 4 5 6 7 8 9 10 | 10.9
Evocations     | 1 2 3 4 5 6 7 8 9 10 | 10.0
Fighting       | 3 4 5 6 7 8 9 10 | 10.4
Transmutations | 4 5 6 7 8 9 |  9.3
Dodging        | 5 6 7 8 9 10 11 | 11.0
Unarmed Combat | 7 8 9 10 11 | 11.8

Action                   |  1- 3 |  4- 6 |  7- 9 | 10-12 | 13-15 || total
-------------------------+-------+-------+-------+-------+-------++-------
Melee: Unarmed           |    13 |    84 |   143 |   145 |     2 ||   387
       Bite              |     2 |       |     4 |    31 |    27 ||    64
       Punch             |     2 |       |     1 |     8 |       ||    11
       Kick              |     1 |       |       |       |       ||     1
       Headbutt          |     1 |     4 |       |       |       ||     5
       Dagger            |       |       |    11 |    21 |    27 ||    59
       Demon trident     |       |       |       |   102 |   148 ||   250
 Fire: Blowgun           |       |       |       |       |     2 ||     2
Throw: Tomahawk          |       |       |     1 |     6 |    35 ||    42
       Throwing net      |       |       |       |       |     1 ||     1
       Javelin           |       |       |       |       |     2 ||     2
 Cast: Beastly Appendage |     5 |     3 |     1 |     1 |       ||    10
       Sticks to Snakes  |     2 |     4 |    10 |     6 |     6 ||    28
       Ice Form          |       |     6 |    15 |     3 |       ||    24
       Spider Form       |       |       |     1 |       |       ||     1
       Regeneration      |       |       |     4 |    11 |    12 ||    27
       Blade Hands       |       |       |     1 |    16 |     2 ||    19
       Borgnjor's Vile C |       |       |       |    19 |    52 ||    71
       Passwall          |       |       |       |       |     2 ||     2
       Ozocubu's Armour  |       |       |       |       |     2 ||     2
       Sublimation of Bl |       |       |       |       |     8 ||     8
Invok: Bend Time         |       |       |       |     2 |     2 ||     4
       Slouch            |       |       |       |     3 |     3 ||     6
 Abil: End Transformatio |       |       |     1 |     5 |     2 ||     8
Evoke: Wand              |       |       |     3 |    33 |    10 ||    46
  Use: Potion            |     3 |       |     1 |     3 |     5 ||    12
       Scroll            |       |     3 |     8 |    10 |    15 ||    36
 Stab: Sleeping          |     1 |     1 |     4 |     8 |     5 ||    19
       Distracted        |       |       |     3 |     3 |     2 ||     8
       Paralysed         |       |       |       |     6 |     1 ||     7
       Petrified         |       |       |       |     1 |       ||     1
       Held in net/web   |       |       |       |       |     2 ||     2
  Eat: Chunk             |       |     1 |     5 |     5 |     1 ||    12
       Ration            |       |       |     1 |     2 |     4 ||     7
Armor: Skin              |       |    11 |    13 |     5 |       ||    29
       Robe              |       |     2 |       |       |       ||     2
       Leather armour    |       |       |     5 |    15 |       ||    20
       Troll leather arm |       |       |       |    14 |    18 ||    32
Dodge: Dodged            |     3 |    34 |    74 |   251 |   106 ||   468
Block: Shield            |       |       |       |       |    77 ||    77

Table legend:
 A = Turns spent in this place as a percentage of turns spent in the entire game.
 B = Non-inter-level travel turns spent in this place as a percentage of non-inter-level travel turns spent in the entire game.
 C = Inter-level travel turns spent in this place as a percentage of turns spent in this place.
 D = Turns resting spent in this place as a percentage of non-inter-level travel turns spent in this place.
 E = Turns spent auto-exploring this place as a percentage of non-inter-level travel turns spent in this place.
 F = Non-inter-level travel turns spent in this place divided by the number of levels of this place that you've seen.
                   A       B       C       D       E      F
               +-------+-------+-------+-------+-------+----------------------
         Total | 100.0 | 100.0 |   3.2 |   0.0 |   0.0 | 283.9
       Dungeon |  73.0 |  72.2 |   4.3 |   0.0 |   0.0 | 315.3
        Temple |   0.3 |   0.3 |   0.0 |   0.0 |   0.0 |  17.0
  Orcish Mines |   7.5 |   7.8 |   0.0 |   0.0 |   0.0 | 220.5
   Elven Halls |  17.3 |  17.8 |   0.3 |   0.0 |   0.0 | 337.7
     Labyrinth |   1.8 |   1.9 |   0.0 |   0.0 |   0.0 | 108.0
               +-------+-------+-------+-------+-------+----------------------

Table legend:
 A = Kills in this place as a percentage of kills in entire the game.
 B = Kills by you in this place as a percentage of kills by you in the entire game.
 C = Kills by friends in this place as a percentage of kills by friends in the entire game.
 D = Other kills in this place as a percentage of other kills in the entire game.
 E = Experience gained in this place as a percentage of experience gained in the entire game.
 F = Experience gained in this place divided by the number of levels of this place that you have seen.
                   A       B       C       D       E      F
               +-------+-------+-------+-------+-------+----------------------
         Total | 100.0 | 100.0 | 100.0 |   N/A | 100.0 | 5730.6
       Dungeon |  62.2 |  63.1 |  40.0 |   N/A |  23.3 | 2055.5
  Orcish Mines |  16.5 |  15.3 |  46.7 |   N/A |  10.1 | 5789.5
   Elven Halls |  21.1 |  21.4 |  13.3 |   N/A |  65.6 | 25065.0
     Labyrinth |   0.2 |   0.3 |   0.0 |   N/A |   1.0 | 1118.0
               +-------+-------+-------+-------+-------+----------------------

Vault maps used:
D:1:      ncdulo_watergridlock
D:2:      uniq_sigmund
D:3:      first_ration
D:4:      nicolae_overflow_crystal_walls, uniq_grinder
D:5:      okawaru_metal_pillars_1_2, minmay_temple_entry_fiery
D:6:      uniq_prince_ribbit1
D:7:      basic_altar, uniq_pikel
D:8:      due_megacathedral, minitemple, serial_shops, nicolae_shop_crystal,
          hangedman_little_slice_of_home, kennysheep_generic_room_7
D:9:      cheibrodos_statue_roulette, erik_orc_2, serial_undead,
          serial_undead_c, serial_undead_f, serial_undead_c, serial_undead_e
D:10:     lair_entry_dummy, minmay_another_anthill, uniq_urug, uniq_sonja,
          uniq_erica
D:11:     serial_curves, eino_curves_02, eino_curves_02, minivault_28,
          uniq_snorg
D:12:     serial_shops, shop_coins
D:13:     david_vaults_4, uniq_josephine
Temple:   cyrus_circular_temple
Orc:1:    hangedman_minor_magic
Orc:2:    st_orc_congregation, lab_entry_generic, uniq_nessos
Elf:1:    basic_altar, serial_shops, nicolae_shop_window_shopping,
          minmay_elf_necromancy, minmay_shoptagon
Elf:2:    serial_shops, nicolae_shop_behind_doors
Elf:3:    grunt_elf_hall_asides, serial_shops,
          nicolae_shop_temple_entry_statues_fountains, hex_medium,
          uniq_saint_roka
Lab:      nicolae_lab_dead_adventurers, nicolae_lab_grate, nicolae_lab_lava
